 Dungeon Sprint DCSS version 0.31.0-12-g77e489cdc1 (webtiles) character file.

Game seed: 5276814728109106218

6787 boopmooplesden the Stickfighter (level 10, -2/101 HPs)
             Began as a Minotaur Gladiator on Feb 12, 2024.
             Was a High Priest of Trog.
             Succumbed to a cane toad's poison
             ... in the Dungeon (Sprint IX: "|||||||||||||||||||||||||||||").
             The game lasted 00:02:04 (1239 turns).

boopmooplesden the Stickfighter (MiGl)              Turns: 1239, Time: 00:02:05

Health: -2/101     AC: 21    Str: 29    XL:     10   Next: 76%
Magic:  9/9        EV: 12    Int:  5    God:    Trog [*****.]
Gold:   0          SH:  0    Dex: 12    Spells: 9/9 levels left

rFire   . . .        n - +4 quarterstaff (speed)
rCold   . . .        (shield currently unavailable)
rNeg    . . .        s - +0 plate armour
rPois   .            c - +0 hat
rElec   .            (no cloak)
rCorr   .            u - +2 pair of gloves {Str+3}
SInv    .            (no boots)
Will    .....        (no amulet) Stlth
                     q - +3 ring of strength
HPRegen 0.36/turn    r - +2 ring of protection
MPRegen 0.11/turn

%: no teleportation
@: lethally poisoned (-2 -> -19), on berserk cooldown, slowed, very slow
A: horns 2, retaliatory headbutt
a: Renounce Religion, Berserk, Trog's Hand, Brothers in Arms


You were in the Dungeon.
You worshipped Trog.
Trog was extremely pleased with you.
You visited 1 branch

Inventory:

Hand Weapons
 a - a +0 quarterstaff
 n - a +4 quarterstaff of speed (weapon)
Missiles
 d - 3 throwing nets (quivered)
 e - a javelin
Armour
 b - a +0 leather armour
 c - a +0 hat (worn)
 o - a +0 pair of gloves
 p - a +2 ring mail
 s - a +0 plate armour (worn)
 u - a +2 pair of gloves of strength (worn)
Jewellery
 q - a +3 ring of strength (left hand)
 r - a +2 ring of protection (right hand)
Wands
 m - a wand of roots (10)
Scrolls
 k - 3 scrolls of blinking
 v - 3 scrolls of identify
 w - 2 scrolls of enchant armour
 x - a scroll of fear
 y - a scroll of fog
Potions
 f - 7 potions of curing
 g - a potion of invisibility
 h - a potion of haste
 i - 4 potions of magic
 j - 3 potions of berserk rage
 l - 4 potions of heal wounds
 t - a potion of mutation


   Skills:
 + Level 13.0 Fighting
 + Level 19.3 Staves
 + Level 6.5 Throwing
 + Level 14.0 Armour
 + Level 12.4 Dodging
 + Level 3.0 Stealth


You had 9 spell levels left.
You didn't know any spells.
Your spell library was empty.

Dungeon Overview and Level Annotations

Branches:
Dungeon (1/1)

Altars:
Cheibriados
Dithmenos
Elyvilon
Fedhas
Gozag
Hepliaklqana
Kikubaaqudgha
Makhleb
Nemelex Xobeh
Okawaru
Qazlal
Ru
Sif Muna
Trog
Uskayaw
Vehumet
Wu Jian
Xom
Yredelemnul
Zin
The Shining One
Jiyva
Lugonu


Innate Abilities, Weirdness & Mutations

You have a pair of horns on your head.
You reflexively headbutt those who attack you in melee.


Message History

The water moccasin is moderately wounded.
You feel sick.
You closely miss the water moccasin. You headbutt the water moccasin!!
You feel the power of Trog in you as your rage grows.
You kill the water moccasin!
Trog accepts your kill.
You feel sick.
You hit the cane toad. Your headbutt misses the cane toad.
The cane toad is lightly wounded.
The cane toad stings you!
* * * LOW HITPOINT WARNING * * *
You hit the cane toad. You headbutt the cane toad.
The cane toad is moderately wounded.
You bludgeon the cane toad!!
The cane toad is severely wounded.
You feel sick.
You sock the cane toad!
The cane toad is almost dead.
The cane toad stings you.
* * * LOW HITPOINT WARNING * * *
You are lethally poisoned!
The cane toad poisons you!
You hit the cane toad but do no damage.
The cane toad is almost dead.
* * * LOW HITPOINT WARNING * * *
You feel sick.
You bludgeon the cane toad!!
You kill the cane toad!
Trog accepts your kill.
* * * LOW HITPOINT WARNING * * *
You feel sick.
Your Fighting skill increases to level 13!
Your Armour skill increases to level 14!
* * * LOW HITPOINT WARNING * * *
You feel very sick.
You feel a strong urge to attack something.
You are no longer berserk.
You are exhausted.
You feel yourself slow down.
You die...

▓†▓.▓_▓
▓†▓.▓_▓
▓.▓.▓_▓
▓.▓.▓_▓
▓.▓.▓_▓
▓.▓.▓_▓
▓.▓.▓_▓
▓†▓.▓_▓
▓@▓.▓_▓
▓.▓.▓_▓
▓.▓.▓_▓
▓S▓.▓_▓
▓.▓.▓_▓
▓l▓.▓_▓
▓F▓.▓_▓
▓.▓.▓_▓
▓.▓.▓_▓


You could see a cane toad, a basilisk and a water moccasin.

Vanquished Creatures
  A hydra (D)
  2 boulder beetles (D)
  A skyshark (D)
  A skeletal warrior (D)
  An elephant (D)
  4 cane toads (D)
  A komodo dragon (D)
  2 kobold demonologists (D)
  3 trolls (D)
  2 yaks (D)
  2 water moccasins (D)
  An orc warrior (D)
  A wolf (D)
  A centaur (D)
  A phantom (D)
  2 bullfrogs (D)
  An orc priest (D)
  A hell rat (D)
  A gnoll (D)
  An adder (D)
  2 dart slugs (D)
  An orc (D)
  An endoplasm (D)
  A quokka (D)
  2 kobolds (D)
37 creatures vanquished.

Notes
Turn   | Place    | Note
-------+----------+-------------------------------------------
     0 | D        | boopmooplesden the Minotaur Gladiator began the quest for
                  | the Orb.
     0 | D        | Reached XP level 1. HP: 18/18 MP: 0/0
     5 | D        | Reached skill level 4 in Staves
   129 | D        | Noticed a phantom
   135 | D        | Reached skill level 5 in Staves
   135 | D        | Reached XP level 2. HP: 16/25 MP: 1/1
   152 | D        | Killed a phantom
   153 | D        | Reached skill level 7 in Staves
   153 | D        | Reached XP level 3. HP: 30/33 MP: 2/2
   153 | D        | Reached XP level 4. HP: 36/40 MP: 3/3
   365 | D        | Found a snail-covered altar of Cheibriados.
   365 | D        | Found a shadowy altar of Dithmenos.
   365 | D        | Found a white marble altar of Elyvilon.
   365 | D        | Found a blossoming altar of Fedhas.
   365 | D        | Found an opulent altar of Gozag.
   366 | D        | Found a hazy altar of Hepliaklqana.
   367 | D        | Found a viscous altar of Jiyva.
   368 | D        | Found an ancient bone altar of Kikubaaqudgha.
   369 | D        | Found a corrupted altar of Lugonu.
   370 | D        | Found a burning altar of Makhleb.
   371 | D        | Found a sparkling altar of Nemelex Xobeh.
   372 | D        | Found an iron altar of Okawaru.
   373 | D        | Found a stormy altar of Qazlal.
   374 | D        | Found a sacrificial altar of Ru.
   375 | D        | Found a shimmering blue altar of Sif Muna.
   376 | D        | Found a bloodstained altar of Trog.
   377 | D        | Found a hide-covered altar of Uskayaw.
   378 | D        | Found a radiant altar of Vehumet.
   379 | D        | Found an ornate altar of the Wu Jian Council.
   380 | D        | Found a shimmering altar of Xom.
   381 | D        | Found a basalt altar of Yredelemnul.
   382 | D        | Found a glowing silver altar of Zin.
   383 | D        | Found a glowing golden altar of the Shining One.
   384 | D        | Became a worshipper of Trog the Wrathful
   431 | D        | Noticed a troll
   431 | D        | Noticed a centaur
   431 | D        | Noticed an orc warrior
   431 | D        | Noticed a troll
   431 | D        | Noticed a yak
   435 | D        | Killed a troll
   436 | D        | Reached skill level 5 in Fighting
   436 | D        | Reached skill level 10 in Staves
   436 | D        | Reached skill level 1 in Stealth
   436 | D        | Reached XP level 5. HP: 30/48 MP: 4/4
   436 | D        | Reached XP level 6. HP: 35/56 MP: 5/5
   438 | D        | Reached skill level 11 in Staves
   438 | D        | Reached skill level 5 in Armour
   444 | D        | Killed an orc warrior
   444 | D        | Reached * piety under Trog
   451 | D        | Killed a troll
   452 | D        | Reached skill level 12 in Staves
   452 | D        | Reached skill level 5 in Throwing
   452 | D        | Reached XP level 7. HP: 30/66 MP: 6/6
   458 | D        | Killed a yak
   458 | D        | Reached ** piety under Trog
   459 | D        | Reached skill level 13 in Staves
   459 | D        | Reached skill level 10 in Dodging
   817 | D        | Noticed a kobold demonologist
   817 | D        | Noticed a boulder beetle
   817 | D        | Noticed a boulder beetle
   817 | D        | Noticed a kobold demonologist
   817 | D        | Noticed a skeletal warrior
   817 | D        | Noticed a troll
   831 | D        | Killed a boulder beetle
   832 | D        | Reached skill level 14 in Staves
   832 | D        | Reached XP level 8. HP: 54/75 MP: 7/7
   843 | D        | Killed a boulder beetle
   844 | D        | Reached skill level 15 in Staves
   844 | D        | Reached XP level 9. HP: 58/83 MP: 8/8
   846 | D        | Noticed an orange demon
   846 | D        | Killed a kobold demonologist
   846 | D        | Reached *** piety under Trog
   847 | D        | Reached skill level 10 in Armour
   856 | D        | Killed a skeletal warrior
   857 | D        | Reached skill level 10 in Fighting
   857 | D        | Reached skill level 16 in Staves
   860 | D        | Killed a kobold demonologist
   865 | D        | Killed a troll
   865 | D        | Reached **** piety under Trog
  1130 | D        | Noticed a cane toad
  1130 | D        | Noticed a komodo dragon
  1131 | D        | Noticed an elephant
  1133 | D        | Reached skill level 17 in Staves
  1138 | D        | Killed a cane toad
  1143 | D        | Reached XP level 10. HP: 95/95 MP: 9/9
  1149 | D        | Killed an elephant
  1149 | D        | Reached ***** piety under Trog
  1150 | D        | Reached skill level 18 in Staves
  1198 | D        | Noticed a cane toad
  1198 | D        | Noticed a cane toad
  1198 | D        | Noticed a skyshark
  1198 | D        | Noticed a cane toad
  1198 | D        | Noticed a five-headed hydra
  1202 | D        | Killed a cane toad
  1206 | D        | Killed a cane toad
  1207 | D        | Noticed a cane toad
  1219 | D        | Killed a skyshark
  1228 | D        | Killed a five-headed hydra
  1229 | D        | Reached skill level 19 in Staves
  1235 | D        | HP: 6/150 [cane toad (5)]
  1237 | D        | Killed a cane toad
  1238 | D        | HP: 2/151 [poisoned by a cane toad]
  1239 | D        | Succumbed to a cane toad's poison

Illustrated notes

Levels and vault maps discovered:
D:        linesprint [early_d, line_temple, items_1, d_10, items_2, lair_1,
          lair_end, items_3, orc_1, orc_end, items_4, d_15, swamp_1, shoals_1,
          snake_1, spider_1, d_20, vaults_1, items_5, swamp_end, shoals_end,
          snake_end, spider_end, vaults_end, d_27, items_6, zot_1, zot_end,
          crypt_end, forest_end, elf_end, slime_end, tomb_end, abyss_end,
          pan_hell_end]

Skill      XL: |  1  2  3  4  5  6  7  8  9 10 |
---------------+-------------------------------+-----
Staves         | 5 7 10 12 14 15 17 19 | 19.3
Dodging        | 4 6 8 9 10 11 12 | 12.4
Fighting       | 4 5 7 8 9 11 13 | 13.0
Throwing       | 3 4 5 6 |  6.5
Armour         | 2 4 6 8 9 11 14 | 14.0
Stealth        | 1 2 3 |  3.0

Action                     |  1- 3 |  4- 6 |  7- 9 | 10-12 || total
---------------------------+-------+-------+-------+-------++-------
  Melee: Quarterstaff      |    26 |    19 |    60 |    47 ||   152
         Headbutt          |     5 |     5 |    13 |     8 ||    31
  Throw: Throwing net      |     2 |       |       |       ||     2
 Invoke: Berserk           |       |       |     2 |     1 ||     3
    Use: Potion            |     1 |       |       |       ||     1
   Stab: Held in net/web   |     1 |       |       |       ||     1
 Armour: Leather armour    |    12 |       |       |       ||    12
         Ring mail         |       |     9 |     1 |       ||    10
         Plate armour      |       |       |    18 |    29 ||    47
  Dodge: Dodged            |    10 |     9 |    12 |    14 ||    45
